AoeStats
← gastonace1

Arena

509776179Analyzed
2v2 RM · 6d ago on Sep 28, 2026· 52m 13s· 4 players
Game mode
Random Map
Map size
Medium (4 player)
Population
200
Speed
Normal
Resources
Standard
Victory
Conquest
Starting age
Dark Age
Ending age
Imperial Age
RankedLock teamsTeams togetherTeam positionsShared explorationLock speedFull tech treeHidden civsTurbo modeCheats
Victory
Defeat
🇦🇷 Hindustanis · Argentina
812
+14
🇺🇸 Bohemians · United States
792
+14
🇨🇱 Spanish · Chile
761
-35
🇨🇱 Goths · Chile
761
-35
pensandobrigido1
13:12 Feudal Age
14:38 Double-Bit Axe
14:36 Horse Collar
14:57 Gold Mining
14:57 Stone Mining
16:20 Wheelbarrow
20:31 Castle Age
20:18 Scale Barding Armor
22:07 Husbandry
24:46 Hand Cart
24:54 Heavy Plow
31:57 Ballistics
35:01 Padded Archer Armor
35:00 Fletching
43:33 Chain Barding Armor
43:29 Leather Archer Armor
43:09 Bodkin Arrow
43:28 Bloodlines
49:51 Imperial Age
49:17 Inquisition
49:45 Murder Holes
el 3.14chula
11:38 Feudal Age
14:58 Double-Bit Axe
18:14 Man-at-Arms
21:43 Castle Age
19:31 Man-at-Arms
23:37 Long Swordsman
24:21 Squires
24:37 Horse Collar
27:47 Forging
27:38 Scale Mail Armor
34:04 Iron Casting
35:06 Bow Saw
36:19 Wheelbarrow
35:37 Loom
36:30 Wheelbarrow
36:24 Gold Mining
37:44 Husbandry
38:57 Chain Mail Armor
40:42 Hand Cart
51:39 Heavy Plow
akaHata
0:31 Loom
10:25 Feudal Age
11:13 Double-Bit Axe
11:09 Horse Collar
15:05 Wheelbarrow
19:34 Castle Age
17:43 Gold Mining
18:22 Forging
18:40 Bloodlines
20:41 Scale Barding Armor
20:59 Husbandry
21:25 Heavy Plow
24:20 Elite Skirmisher
25:54 Fletching
34:12 Imperial Age
33:23 Ballistics
33:08 Padded Archer Armor
34:41 Thumb Ring
36:16 Bodkin Arrow
37:56 Conscription
38:21 Bracer
39:35 Heavy Camel Rider
42:17 Chain Barding Armor
43:38 Leather Archer Armor
44:29 Chemistry
44:04 Grand Trunk Road
45:17 Plate Barding Armor
46:22 Hand Cart
46:24 Fervor
47:43 Ring Archer Armor
50:26 Iron Casting
gastonace1
7:44 Loom
11:32 Feudal Age
15:55 Castle Age
15:49 Wheelbarrow
18:59 Double-Bit Axe
24:50 Horse Collar
28:35 Hand Cart
28:03 Pikeman
28:30 Arson
29:12 Heavy Plow
29:30 Murder Holes
34:37 Squires
37:48 Imperial Age
35:05 Town Watch
36:29 Wagenburg Tactics
37:30 Chemistry
39:46 Conscription
40:39 Ballistics
42:13 Hussite Reforms
41:59 Halberdier
46:24 Cavalier
47:06 Husbandry
47:24 Scale Barding Armor
47:10 Fletching
47:31 Forging
47:22 Scale Mail Armor
47:59 Bow Saw
50:20 Guilds
50:41 Coinage
50:11 Caravan
50:57 Iron Casting
50:18 Bodkin Arrow
50:44 Chain Barding Armor
50:39 Chain Mail Armor
51:26 Elite Hussite Wagon
Connection lost

Rejoining the realm…

Still unreachable

The connection could not be restored.

Session expired

The server has moved on; the page needs a fresh start.